 Dungeon Crawl Stone Soup version 0.21-a0-154-gb5400c9 (webtiles) character file.

165 KarmaPolice the Skirmisher (level 5, -5/44 HPs)
             Began as a Barachi Fighter on Aug 2, 2017.
             Was a Follower of Cheibriados.
             Slain by an ogre
             ... wielding a +0 giant spiked club
              (10 damage)
             ... on level 3 of the Dungeon.
             The game lasted 00:04:39 (2759 turns).

KarmaPolice the Skirmisher (Barachi Fighter)        Turns: 2759, Time: 00:04:40

Health: -5/44      AC: 10    Str: 20    XL:     5   Next: 46%
Magic:  2/5        EV:  7    Int: 10    God:    Cheibriados [*.....]
Gold:   125        SH:  9    Dex: 14    Spells: 4/4 levels left

rFire    . . .     SeeInvis .   a - +0 war axe
rCold    . . .     Gourm    .   c - +0 shield
rNeg     . . .     Faith    .   b - +0 scale mail
rPois    .         Spirit   .   (no helmet)
rElec    .         Reflect  .   (no cloak)
rCorr    .         Harm     .   v - +2 pair of gloves
MR       .....                  (no boots)
Stlth    ..........             (no amulet)
HPRegen  0.14/turn              (no ring)
MPRegen  0.09/turn              (no ring)

@: very slow
A: +LOS, swims, slowness 1, strong legs 1
a: Hop, Bend Time, Renounce Religion


You were on level 3 of the Dungeon.
You worshipped Cheibriados.
Cheibriados was aware of your devotion.
You were not hungry.

You visited 1 branch of the dungeon, and saw 4 of its levels.

You collected 125 gold pieces.

Inventory:

Hand Weapons
 a - a +0 war axe (weapon)
Armour
 b - a +0 scale mail (worn)
 c - a +0 shield (worn)
 u - a cursed +0 plate armour
 v - a +2 pair of gloves (worn)
Jewellery
 n - an uncursed amulet of harm {unknown}
Scrolls
 e - a scroll of immolation {unknown}
 h - 2 scrolls of magic mapping {unknown}
 i - 2 scrolls of identify {unknown}
 k - 3 scrolls of teleportation {unknown}
 l - 5 scrolls of remove curse {unknown}
 m - a scroll of recharging {unknown}
 o - a scroll of blinking {unknown}
 q - 2 scrolls of enchant armour {unknown}
 t - 2 scrolls of amnesia {unknown}
Potions
 d - a potion of might
 g - 2 potions of magic {unknown}
 p - a potion of curing {unknown}
 r - 2 potions of agility {unknown}
 s - a potion of berserk rage {unknown}
 w - a potion of mutation {unknown}
Comestibles
 f - 4 bread rations
 j - a royal jelly
 x - a meat ration


   Skills:
 + Level 5.0 Fighting
 + Level 3.8 Axes
 + Level 4.7 Armour
 - Level 3.2 Shields
 + Level 1.1 Invocations


You had 4 spell levels left.
You didn't know any spells.

Dungeon Overview and Level Annotations

Branches:
Dungeon (4/15)
 Temple: D:4-7

Altars:
Cheibriados
Hepliaklqana
Nemelex Xobeh
Ru
Sif Muna

Annotations:
D:4 Dowan, Duvessa


Innate Abilities, Weirdness & Mutations

Shadows flee at your approach. (+LOS)
You can swim through water.
You cover ground slowly.
You can hop short distances.


Message History

s - a fizzy pink potion An orc comes into view.
The orc shouts!
The ogre hits you with a giant spiked club!
The ogre hits you with a giant spiked club.
There is a stone staircase leading up here.
The ogre hits you but does no damage.
You climb upwards.
There is a stone staircase leading down here.
The flow of time bends around you.
Cheibriados rebukes the ogre.
The ogre seems to slow down.
You feel slightly more hungry.
You hit the ogre.
The ogre is lightly wounded.
The ogre hits you with a giant spiked club!!
* * * LOW HITPOINT WARNING * * *
You slash the ogre!
The ogre is heavily wounded.
The ogre hits you with a giant spiked club!
You die...

#.#### #....#
###########.##.#
#...........##.#
#.############.# #
###.######## #.# #
#...##.....#####.# #
#...##(....'...#.#
###...##.....###@#.#
............<+.>O#.#########
.####.##.....##..#.##......#
.# #.###........#.##......#
'####'###+#.#..).#.##......#
............#<...#>##......#
............##...#.##....[.#
.................#'##......#
.............#.#...........#


You could see an ogre.

Vanquished Creatures
  An orc wizard (D:3)
  An adder (D:2)
  4 gnolls (D:3)
  An ooze (D:3)
  4 worms
  3 dart slugs (D:1)
  A leopard gecko (D:3)
  5 orcs (D:3)
  2 ball pythons
  4 bats
  5 giant cockroaches
  4 goblins
  5 hobgoblins
  4 jackals (D:2)
  7 kobolds
  2 quokkas
  3 frilled lizards
  8 rats
64 creatures vanquished.

Notes
Turn   | Place    | Note
-------+----------+-------------------------------------------
     0 | D:1      | KarmaPolice the Barachi Fighter began the quest for the Orb.
     0 | D:1      | Reached XP level 1. HP: 18/18 MP: 1/1
   407 | D:1      | Reached XP level 2. HP: 25/25 MP: 2/2
   568 | D:1      | Reached skill level 4 in Fighting
   808 | D:1      | Reached XP level 3. HP: 30/30 MP: 3/3
  1444 | D:2      | Found a sparkling altar of Nemelex Xobeh.
  1567 | D:2      | Found a snail-covered altar of Cheibriados.
  1570 | D:2      | Found a sacrificial altar of Ru.
  1576 | D:2      | Reached XP level 4. HP: 25/38 MP: 4/4
  1687 | D:2      | Found a hazy altar of Hepliaklqana.
  1690 | D:2      | Found a deep blue altar of Sif Muna.
  1791 | D:2      | Became a worshipper of Cheibriados the Contemplative
  2194 | D:3      | Reached skill level 1 in Invocations
  2194 | D:3      | Reached XP level 5. HP: 43/43 MP: 5/5
  2197 | D:3      | Reached * piety under Cheibriados
  2197 | D:3      | Reached skill level 5 in Fighting
  2648 | D:4      | Noticed Duvessa
  2648 | D:4      | Noticed Dowan
  2743 | D:4      | Noticed an ogre
  2759 | D:3      | Slain by an ogre

Vault maps used:
D:1:      nicolae_arrival_somewhat_less_tricky_arrival
D:2:      grunt_temple_overflow_cloverleaf, minmay_misc_feat_secret_circle,
          nemelex_diamond_rough_becter
D:3:      first_bread
D:4:      kennysheep_another_room, uniq_duvessa

Skill      XL: |  1  2  3  4  5 |
---------------+----------------+-----
Armour         | 4 |  4.7
Fighting       | 4 5 |  5.0
Axes           | 3 |  3.8
Invocations    | 1 |  1.1
Shields        | |  3.2

Action                   |  1- 3 |  4- 6 || total
-------------------------+-------+-------++-------
Melee: War axe           |   116 |    78 ||   194
Invok: Bend Time         |       |     1 ||     1
  Eat: Chunk             |     2 |     4 ||     6
Armor: Scale mail        |    49 |    33 ||    82
Dodge: Dodged            |    42 |    33 ||    75
Block: Shield            |    63 |    54 ||   117
